AAA
TUCSON SIDEWINDERS @ OMAHA STORM CHASERS
08/26/2052
 
TOP OF THE 1ST
Omaha Storm Chasers batting - Pitching for Tacoma Rainiers : RHP Devlin MacKenzie
Pitching: RHP Devlin MacKenzie
Batting: RHB Nate Conston 0-0: Ball
1-0: Called Strike
1-1: Foul Ball, location: 2F
1-2: Ball
2-2: Ball
3-2: Base on Balls
Batting: RHB Sergio Colon 0-0: Ball
1-0: Foul Ball, location: 2F
1-1: Called Strike
1-2: Ground out 6-3 (Groundball, P, EV 84.4 MPH)
Nate Conston to second
Batting: LHB Robby Gomez 0-0: Called Strike
0-1: Fly out, F9 (Flyball, 89D, EV 100.6 MPH)
Runner from 2nd tags up, SAFE at 3rd, no throw by RF
Batting: LHB Craig Gipson 0-0: Ball
1-0: Ball
2-0: Called Strike
2-1: Ball
3-1: Base on Balls
Batting: RHB Gabe Dixon 0-0: Ball
1-0: Called Strike
1-1: Called Strike
1-2: DOUBLE (Flyball, 8LXD, EV 110.0 MPH)
Nate Conston scores
Craig Gipson to third
Runner from 3rd tries for Home, throw by CF and OUT! 8-6-2
Top of the 1st over - 1 run, 1 hit, 0 errors, 1 left on base; Omaha 1 - Tacoma 0
BOTTOM OF THE 1ST
Tacoma Rainiers batting - Pitching for Omaha Storm Chasers : RHP Lupe Mendez
Pitching: RHP Lupe Mendez
Batting: SHB John Koch 0-0: Bunted foul
0-1: DOUBLE (Line Drive, 89D, EV 112.5 MPH)
Batting: LHB Adam Lozano 0-0: Ball
1-0: Ball
Wild Pitch!
John Koch to third
2-0: Fly out, F9 (Flyball, 89D, EV 91.2 MPH)
Runner from 3rd tags up, SCORES, throw by RF
Batting: LHB Jake Castille 0-0: Ball
1-0: Swinging Strike
1-1: Ball
2-1: Foul Ball, location: 2F
2-2: Ground out U3 (Groundball, 3, EV 100.0 MPH)
Batting: LHB Mark Dyer 0-0: Ball
1-0: Swinging Strike
1-1: Swinging Strike
1-2: Ball
2-2: Ball
3-2: Strikes out swinging
Bottom of the 1st over - 1 run, 1 hit, 0 errors, 0 left on base; Omaha 1 - Tacoma 1
TOP OF THE 2ND
Omaha Storm Chasers batting - Pitching for Tacoma Rainiers : RHP Devlin MacKenzie
Batting: RHB Germain Ulleri 0-0: Ball
1-0: Ball
2-0: Ball
3-0: Base on Balls
Batting: SHB Alex Granados 0-0: DOUBLE (Groundball, 3L, EV 110.0 MPH)
Germain Ulleri to third
Batting: RHB Serafim Anelas 0-0: Ball
1-0: SINGLE (Line Drive, 89M, EV 104.4 MPH)
Germain Ulleri scores
Alex Granados to third
Batting: SHB Joaquin Campos 0-0: Ball
1-0: Ball
2-0: Called Strike
2-1: Foul Ball, location: 2F
2-2: Strikes out swinging
Batting: RHB Nate Conston 0-0: Ball
1-0: Ball
2-0: Ball
3-0: Called Strike
3-1: Base on Balls
Serafim Anelas to second
Batting: RHB Sergio Colon 0-0: Foul Ball, location: 2F
0-1: Fly out, F9 (Flyball, 9LM, EV 78.1 MPH)
Runner from 3rd tags up, SCORES, no throw by RF
Serafim Anelas to third
Batting: LHB Robby Gomez 0-0: Called Strike
0-1: Fly out, F8 (Flyball, 8LD, EV 96.9 MPH)
Top of the 2nd over - 2 runs, 2 hits, 0 errors, 2 left on base; Omaha 3 - Tacoma 1
BOTTOM OF THE 2ND
Tacoma Rainiers batting - Pitching for Omaha Storm Chasers : RHP Lupe Mendez
Batting: LHB Jimmy Satterwhite 0-0: Ball
1-0: Fly out, F7 (Line Drive, 7, EV 94.4 MPH)
Batting: RHB Paul Sabine 0-0: Ball
1-0: Ball
2-0: Fly out, F8 (Line Drive, 8RM, EV 84.4 MPH)
Batting: RHB Alex Cruz 0-0: Ball
1-0: Ball
2-0: Foul Ball, location: 2F
2-1: Ball
3-1: Foul Ball, location: 2F
3-2: Ground out 4-3 (Groundball, 4, EV 100.6 MPH)
Bottom of the 2nd over - 0 runs, 0 hits, 0 errors, 0 left on base; Omaha 3 - Tacoma 1
TOP OF THE 3RD
Omaha Storm Chasers batting - Pitching for Tacoma Rainiers : RHP Devlin MacKenzie
Batting: LHB Craig Gipson 0-0: Ball
1-0: Ball
2-0: Foul Ball, location: 2F
2-1: Called Strike
2-2: Ground out 1-3 (Groundball, P, EV 71.9 MPH)
Batting: RHB Gabe Dixon 0-0: Ball
1-0: Ball
2-0: Ground out 5-3 (Groundball, 56S, EV 86.2 MPH)
Batting: RHB Germain Ulleri 0-0: Ball
1-0: Swinging Strike
1-1: Ball
2-1: Ground out U3 (Groundball, 34, EV 83.1 MPH)
Top of the 3rd over - 0 runs, 0 hits, 0 errors, 0 left on base; Omaha 3 - Tacoma 1
BOTTOM OF THE 3RD
Tacoma Rainiers batting - Pitching for Omaha Storm Chasers : RHP Lupe Mendez
Batting: RHB Ulysses Rivera 0-0: Ball
1-0: Called Strike
1-1: Ball
2-1: Foul Ball, location: 2F
2-2: Ball
3-2: SOLO HOME RUN (Flyball, 78XD, EV 103.8 MPH), Distance : 412 ft
Batting: RHB Andrew Jones 0-0: Swinging Strike
0-1: Called Strike
0-2: Ball
1-2: Foul Ball, location: 2F
1-2: Strikes out swinging
Batting: SHB John Koch 0-0: Ball
1-0: Ball
2-0: Called Strike
2-1: Foul Ball, location: 2F
2-2: Ball
3-2: Base on Balls
Batting: LHB Adam Lozano 0-0: Swinging Strike
0-1: Ball
1-1: Ball
John Koch is caught stealing 2nd base 2-6
2-1: Foul Ball, location: 2F
2-2: Foul Ball, location: 2F
2-2: Foul Ball, location: 2F
2-2: Ball
3-2: Ground out U3 (Groundball, 34, EV 76.9 MPH)
Bottom of the 3rd over - 1 run, 1 hit, 0 errors, 0 left on base; Omaha 3 - Tacoma 2
TOP OF THE 4TH
Omaha Storm Chasers batting - Pitching for Tacoma Rainiers : RHP Devlin MacKenzie
Batting: SHB Alex Granados 0-0: Called Strike
0-1: Ball
1-1: SOLO HOME RUN (Line Drive, 89XD, EV 105.0 MPH), Distance : 423 ft
Batting: RHB Serafim Anelas 0-0: Ground out 6-3 (Groundball, 56D, EV 82.5 MPH)
Batting: SHB Joaquin Campos 0-0: Called Strike
0-1: Foul Ball, location: 2F
0-2: Ball
1-2: Ball
2-2: Strikes out swinging
Batting: RHB Nate Conston 0-0: Ball
1-0: Foul Ball, location: 2F
1-1: Swinging Strike
1-2: Foul Ball, location: 2F
1-2: Foul Ball, location: 2F
1-2: Ball
2-2: Foul Ball, location: 2F
2-2: Strikes out swinging
Top of the 4th over - 1 run, 1 hit, 0 errors, 0 left on base; Omaha 4 - Tacoma 2
BOTTOM OF THE 4TH
Tacoma Rainiers batting - Pitching for Omaha Storm Chasers : RHP Lupe Mendez
Batting: LHB Jake Castille 0-0: Ball
1-0: Swinging Strike
1-1: Swinging Strike
1-2: Foul Ball, location: 2F
1-2: Ground out 5-3 (Groundball, 5, EV 111.2 MPH)
Batting: LHB Mark Dyer 0-0: Fly out, F7 (Flyball, 78S, EV 93.1 MPH)
Batting: LHB Jimmy Satterwhite 0-0: Ground out 4-3 (Groundball, 34D, EV 90.6 MPH)
Bottom of the 4th over - 0 runs, 0 hits, 0 errors, 0 left on base; Omaha 4 - Tacoma 2
TOP OF THE 5TH
Omaha Storm Chasers batting - Pitching for Tacoma Rainiers : RHP Devlin MacKenzie
Batting: RHB Sergio Colon 0-0: Swinging Strike
0-1: Ball
1-1: Ball
2-1: Swinging Strike
2-2: Strikes out swinging
Batting: LHB Robby Gomez 0-0: Ball
1-0: Ball
2-0: Ball
3-0: Base on Balls
Batting: LHB Craig Gipson 0-0: Called Strike
0-1: Foul Ball, location: 2F
0-2: Ball
1-2: Foul Ball, location: 2F
1-2: Ball
2-2: Foul Ball, location: 2F
2-2: Ball
3-2: Ground out 6-3 (Groundball, 6D, EV 89.4 MPH)
Robby Gomez to second
Batting: RHB Gabe Dixon 0-0: 2-RUN HOME RUN (Flyball, 7LD, EV 94.4 MPH), Distance : 354 ft
Pitching: LHP Mike Williams
Batting: RHB Germain Ulleri 0-0: Called Strike
0-1: Called Strike
0-2: Strikes out looking
Top of the 5th over - 2 runs, 1 hit, 0 errors, 0 left on base; Omaha 6 - Tacoma 2
BOTTOM OF THE 5TH
Tacoma Rainiers batting - Pitching for Omaha Storm Chasers : RHP Lupe Mendez
Batting: RHB Paul Sabine 0-0: Ball
1-0: SINGLE (Line Drive, 89S, EV 86.2 MPH)
Batting: RHB Alex Cruz 0-0: Called Strike
0-1: Ball
1-1: Foul Ball, location: 2F
1-2: Ball
2-2: DOUBLE (Flyball, 89D, EV 89.4 MPH)
Paul Sabine to third
Batting: RHB Ulysses Rivera 0-0: Called Strike
0-1: Called Strike
0-2: Ball
1-2: Foul Ball, location: 2F
1-2: Ball
2-2: DOUBLE (Line Drive, 7LS, EV 96.2 MPH)
Paul Sabine scores
Alex Cruz scores
Batting: RHB Andrew Jones 0-0: Ball
1-0: Ball
2-0: Fly out, F5 (Popup, 25, EV 86.2 MPH)
Batting: SHB John Koch 0-0: Ball
1-0: Ground out 4-3 (Groundball, 4, EV 79.4 MPH)
Ulysses Rivera to third
Batting: LHB Adam Lozano 0-0: Called Strike
0-1: Swinging Strike
0-2: Ball
1-2: Ball
2-2: Ball
3-2: Foul Ball, location: 2F
3-2: SINGLE (Groundball, 5D, EV 101.9 MPH)
Ulysses Rivera scores
Batting: LHB Jake Castille 0-0: Called Strike
0-1: Foul Ball, location: 2F
0-2: Ball
1-2: Ground out U3 (Groundball, 3, EV 99.4 MPH)
Bottom of the 5th over - 3 runs, 4 hits, 0 errors, 1 left on base; Omaha 6 - Tacoma 5
TOP OF THE 6TH
Omaha Storm Chasers batting - Pitching for Tacoma Rainiers : LHP Mike Williams
Batting: SHB Alex Granados 0-0: Called Strike
0-1: Swinging Strike
0-2: Strikes out swinging
Batting: RHB Serafim Anelas 0-0: Swinging Strike
0-1: Ball
1-1: Ball
2-1: Called Strike
2-2: Strikes out swinging
Batting: SHB Joaquin Campos 0-0: Foul Ball, location: 2F
0-1: Swinging Strike
0-2: Ball
1-2: Strikes out looking
Top of the 6th over - 0 runs, 0 hits, 0 errors, 0 left on base; Omaha 6 - Tacoma 5
BOTTOM OF THE 6TH
Tacoma Rainiers batting - Pitching for Omaha Storm Chasers : RHP Lupe Mendez
Pitching: RHP Khiry Warren
Batting: LHB Mark Dyer 0-0: SINGLE (Line Drive, 78S, EV 98.1 MPH)
Batting: LHB Jimmy Satterwhite 0-0: Ball
1-0: Ball
2-0: Called Strike
2-1: Called Strike
2-2: Strikes out swinging
Batting: RHB Paul Sabine 0-0: Ball
1-0: Ball
2-0: SINGLE (Line Drive, 34D, EV 106.2 MPH)
Mark Dyer to second
Batting: RHB Alex Cruz 0-0: Called Strike
0-1: Ball
1-1: Swinging Strike
1-2: Strikes out swinging
Batting: RHB Ulysses Rivera 0-0: Called Strike
0-1: Foul Ball, location: 2F
0-2: Foul Ball, location: 2F
0-2: Strikes out looking
Bottom of the 6th over - 0 runs, 2 hits, 0 errors, 2 left on base; Omaha 6 - Tacoma 5
TOP OF THE 7TH
Omaha Storm Chasers batting - Pitching for Tacoma Rainiers : LHP Mike Williams
Batting: RHB Nate Conston 0-0: Ball
1-0: Ball
2-0: SOLO HOME RUN (Flyball, 78XD, EV 99.4 MPH), Distance : 418 ft
Batting: RHB Sergio Colon 0-0: Swinging Strike
0-1: Ball
1-1: Foul Ball, location: 2F
1-2: Strikes out swinging
Batting: LHB Robby Gomez 0-0: Called Strike
0-1: Ball
1-1: Called Strike
1-2: SOLO HOME RUN (Flyball, 89XD, EV 105.0 MPH), Distance : 417 ft
Batting: LHB Craig Gipson 0-0: Ball
1-0: Called Strike
1-1: Ball
2-1: SINGLE (Flyball, 8LS, EV 86.2 MPH)
Batting: RHB Gabe Dixon 0-0: Ball
1-0: Ball
Craig Gipson is caught stealing 2nd base 2-4
2-0: Ball
3-0: DOUBLE (Line Drive, 9LD, EV 105.6 MPH)
Batting: RHB Germain Ulleri 0-0: Called Strike
0-1: SINGLE (Line Drive, 34D, EV 100.0 MPH)
Gabe Dixon to third
Runner from 3rd tries for Home, SAFE, throw by RF to home
Pitching: RHP Luis Gonzales
Batting: SHB Alex Granados 0-0: Called Strike
0-1: Swinging Strike
0-2: Ball
1-2: Ball
2-2: Strikes out swinging
Top of the 7th over - 3 runs, 5 hits, 0 errors, 1 left on base; Omaha 9 - Tacoma 5
BOTTOM OF THE 7TH
Tacoma Rainiers batting - Pitching for Omaha Storm Chasers : RHP Khiry Warren
Batting: RHB Andrew Jones 0-0: SINGLE (Groundball, 34D, EV 108.1 MPH)
Batting: SHB John Koch 0-0: Called Strike
0-1: Ball
1-1: Ball
2-1: Fly out, F8 (Line Drive, 8LD, EV 88.8 MPH)
Batting: LHB Adam Lozano 0-0: Ball
1-0: Ball
2-0: Fly out, F8 (Flyball, 8LM, EV 90.0 MPH)
Batting: LHB Jake Castille 0-0: Fly out, F8 (Flyball, 8RS, EV 78.8 MPH)
Bottom of the 7th over - 0 runs, 1 hit, 0 errors, 1 left on base; Omaha 9 - Tacoma 5
TOP OF THE 8TH
Omaha Storm Chasers batting - Pitching for Tacoma Rainiers : RHP Luis Gonzales
Batting: RHB Serafim Anelas 0-0: Ball
1-0: Ball
2-0: Foul Ball, location: 2F
2-1: Foul Ball, location: 2F
2-2: Strikes out looking
Batting: SHB Joaquin Campos 0-0: Ball
1-0: Called Strike
1-1: Swinging Strike
1-2: Ball
2-2: Strikes out swinging
Pitching: RHP Alex Torres
Batting: RHB Nate Conston 0-0: Swinging Strike
0-1: Foul Ball, location: 2F
0-2: Strikes out looking
Top of the 8th over - 0 runs, 0 hits, 0 errors, 0 left on base; Omaha 9 - Tacoma 5
BOTTOM OF THE 8TH
Tacoma Rainiers batting - Pitching for Omaha Storm Chasers : RHP Khiry Warren
Batting: LHB Mark Dyer 0-0: Ball
1-0: Ground out 6-3 (Groundball, 6, EV 81.9 MPH)
Batting: LHB Jimmy Satterwhite 0-0: Ball
1-0: Swinging Strike
1-1: Ball
2-1: Ball
3-1: Called Strike
3-2: Foul Ball, location: 2F
3-2: Foul Ball, location: 2F
3-2: Base on Balls
Batting: RHB Paul Sabine 0-0: Ball
1-0: Called Strike
1-1: SINGLE (Groundball, 4M, EV 106.9 MPH)
Jimmy Satterwhite to second
Batting: RHB Alex Cruz 0-0: Foul Ball, location: 2F
0-1: Foul Ball, location: 2F
0-2: Foul Ball, location: 2F
0-2: Ball
1-2: Ball
2-2: Grounds into double play, 6-4-3 (Groundball, 6M, EV 78.8 MPH)
Bottom of the 8th over - 0 runs, 1 hit, 0 errors, 1 left on base; Omaha 9 - Tacoma 5
TOP OF THE 9TH
Omaha Storm Chasers batting - Pitching for Tacoma Rainiers : RHP Alex Torres
Batting: RHB Sergio Colon 0-0: Ball
1-0: Ball
2-0: Foul Ball, location: 2F
2-1: Ground out 6-3 (Groundball, 6M, EV 83.1 MPH)
Batting: LHB Robby Gomez 0-0: Ball
1-0: Called Strike
1-1: Called Strike
1-2: Ball
2-2: Foul Ball, location: 2F
2-2: Ball
3-2: Foul Ball, location: 2F
3-2: Strikes out looking
Batting: LHB Craig Gipson 0-0: Called Strike
0-1: Foul Ball, location: 2F
0-2: Ball
1-2: Strikes out looking
Top of the 9th over - 0 runs, 0 hits, 0 errors, 0 left on base; Omaha 9 - Tacoma 5
BOTTOM OF THE 9TH
Tacoma Rainiers batting - Pitching for Omaha Storm Chasers : RHP Khiry Warren
Pitching: RHP Andres Ernandez
Batting: RHB Ulysses Rivera 0-0: Ball
1-0: Ball
2-0: Ground out 5-3 (Groundball, 56, EV 79.4 MPH)
Pinch Hitting: LHB Johnny Stoa 0-0: Ball
1-0: Fly out, F7 (Flyball, 7LD, EV 91.2 MPH)
Batting: SHB John Koch 0-0: Foul Ball, location: 2F
0-1: Ball
1-1: Foul Ball, location: 2F
1-2: Ball
2-2: Foul Ball, location: 2F
2-2: Ball
3-2: TRIPLE (Line Drive, 78XD, EV 113.8 MPH)
Batting: LHB Adam Lozano 0-0: Called Strike
0-1: Ball
1-1: Ground out 6-3 (Groundball, 6M, EV 91.2 MPH)
Bottom of the 9th over - 0 runs, 1 hit, 0 errors, 1 left on base; Omaha 9 - Tacoma 5
Sunday, May 5th , 2024 - OOTP Baseball 24.11 Build 85